 Dungeon Crawl Stone Soup version 0.23.2 (webtiles) character file.

Game seed: 17917985540158274210

647 sagitran the Slasher (level 7, -5/49 HPs)
             Began as a Demonspawn Chaos Knight on Mar 31, 2019.
             Was a Plaything of Xom.
             Slain by a scorpion (13 damage)
             ... in an ossuary.
             The game lasted 00:10:03 (1992 turns).

sagitran the Slasher (Demonspawn Chaos Knight)      Turns: 1992, Time: 00:10:04

Health: -5/49      AC:  6    Str: 15 (16) XL:     7   Next: 27%
Magic:  6/6        EV: 13    Int: 14      God:    Xom [.*....]
Gold:   136        SH:  8    Dex: 17      Spells: 6/6 levels left

rFire    + . .     SeeInvis .   a - +0 falchion (chaos)
rCold    . . .     Gourm    .   l - +0 shield
rNeg     . . .     Faith    .   b - +2 leather armour
rPois    .         Spirit   .   o - +0 helmet
rElec    .         Reflect  .   (no cloak)
rCorr    .         Harm     .   (no gloves)
MR       .....     Clarity  +   (no boots) Stlth +++.......Rnd*Tele +
                                (no amulet)
HPRegen  0.16/turn              m - +3 ring of strength
MPRegen  0.10/turn              r - +4 ring of evasion

@: lethally poisoned (-5 -> -20), drained
A: thin skeletal structure 2, clarity, deterioration 1, fire resistance 1, frail
1, low mp 1, teleportitis 1, flame cloud immunity
a: Renounce Religion


You were in an ossuary.
You worshipped Xom.
You were a plaything of Xom.
You were not hungry.

You visited 1 branch of the dungeon, and saw 4 of its levels.
You also visited: Ossuary.

You collected 136 gold pieces.

Inventory:

Hand Weapons
 a - a +0 falchion of chaos (weapon)
Armour
 b - a +2 leather armour (worn)
 l - a +0 shield (worn)
 o - a +0 helmet (worn)
Jewellery
 i - an uncursed amulet of magic regeneration {unknown}
 m - a +3 ring of strength (left hand)
 r - a +4 ring of evasion (right hand)
Scrolls
 d - 2 scrolls of remove curse {unknown}
 e - a scroll of random uselessness {unknown}
 f - a scroll of immolation {unknown}
 g - a scroll of fear {unknown}
 h - 4 scrolls of identify {unknown}
 n - a scroll of enchant armour {unknown}
 t - a scroll of teleportation {unknown}
Potions
 j - 3 potions of curing
 k - 2 potions of heal wounds
 p - a potion of flight
 s - a potion of brilliance {unknown}
Comestibles
 c - 4 rations


   Skills:
 + Level 4.6(3.4) Fighting
 + Level 5.1(4.0) Long Blades
 + Level 3.0(1.9) Armour
 + Level 2.3(1.2) Dodging
 + Level 2.2(1.1) Stealth
 + Level 1.7(0.7) Shields


You had 6 spell levels left.
You didn't know any spells.
Your spell library was empty.

Dungeon Overview and Level Annotations

Branches:
Dungeon (4/15)
 Temple: D:4-7

Altars:
Cheibriados
Elyvilon
Fedhas
Hepliaklqana
Kikubaaqudgha
Ru
Zin
The Shining One


Innate Abilities, Weirdness & Mutations

You have a moderately thin skeletal structure. (Dex +4, Stealth+)
Your flesh is heat resistant. (rF+)
You are immune to clouds of flame.
You possess an exceptional clarity of mind.
Your body sometimes deteriorates upon taking damage.
You are frail. (-10% HP)
Your magical capacity is low. (-10% MP)
You are occasionally teleported next to monsters.


Message History

You destroy the hobgoblin zombie!
The orc zombie closely misses you.
You riposte.
You hit the orc zombie but do no damage.
The orc zombie is moderately damaged.
The scorpion completely misses you.
You hit the orc zombie.
The orc zombie seems to slow down.
The orc zombie is severely damaged.
The scorpion closely misses you. The orc zombie closely misses you.
You hit the orc zombie. You burn the orc zombie.
You destroy the orc zombie!
The scorpion stings you.
You are poisoned.
The scorpion poisons you! The scorpion stings you!
You are more poisoned.
The scorpion poisons you!
The scorpion refuses to make way for you. (Use ctrl+direction or * direction to attack.)
You closely miss the scorpion.
You feel sick. The scorpion stings you!
* * * LOW HITPOINT WARNING * * *
The scorpion stings you!
You die...

######+##
#...#...#
#...8...#
#.......#
##8..s8##
#.....@.#
#...8...#
#...#...#
##'######
#...#...#
#.∩.'.∩.#
#...#...#
#########


You could see a neutral scorpion (insane).

Vanquished Creatures
  Sigmund (D:3)
  Menkaure (D:4)
  A porcupine (D:2)
  A bullfrog (D:3)
  A howler monkey (D:4)
  A centaur skeleton (D:4)
  2 hounds (D:4)
  An orc wizard (D:4)
  3 gnolls (D:3)
  3 adders
  An adder skeleton (D:2)
  A worm (D:3)
  2 dart slugs
  A leopard gecko (D:3)
  3 orcs (D:4)
  9 bats
  A giant cockroach (D:1)
  7 goblins
  4 hobgoblins
  5 kobolds
  A quokka (D:4)
  2 frilled lizards
  A hobgoblin zombie (Ossuary)
  A leopard gecko skeleton (D:4)
  An orc zombie (Ossuary)
  A quokka skeleton (D:4)
  7 rats
63 creatures vanquished.

Vanquished Creatures (collateral kills)
  An orc (D:3)
  A hobgoblin (D:3)
  A bat (D:3)
3 creatures vanquished.

Vanquished Creatures (others)
  A quokka (D:4)
1 creature vanquished.

Grand Total: 67 creatures vanquished

Notes
Turn   | Place    | Note
-------+----------+-------------------------------------------
     0 | D:1      | sagitran the Demonspawn Chaos Knight began the quest for
                  | the Orb.
     0 | D:1      | Reached XP level 1. HP: 18/18 MP: 1/1
   101 | D:1      | Gained mutation: You have a somewhat thin skeletal
                  | structure. (Dex +2, Stealth) [demonic ancestry]
   101 | D:1      | Reached XP level 2. HP: 18/24 MP: 2/2
   106 | D:1      | XOM: silly message
   277 | D:1      | XOM: harmless Tmut miscast
   300 | D:1      | XOM: enchant monster (bad)
   414 | D:1      | Reached skill level 1 in Dodging
   566 | D:1      | XOM: noise
   697 | D:1      | XOM: noise
   745 | D:2      | Reached skill level 3 in Long Blades
   781 | D:2      | Found a sacrificial altar of Ru.
   818 | D:2      | Found an ancient bone altar of Kikubaaqudgha.
   819 | D:2      | Found a hazy altar of Hepliaklqana.
   860 | D:2      | Reached XP level 3. HP: 22/30 MP: 3/3
   988 | D:2      | XOM: give mutations
   988 | D:2      | Gained mutation: You are occasionally teleported next to
                  | monsters. [Xom's mischief]
   988 | D:2      | Gained mutation: Armour fits poorly on your strangely
                  | shaped body. [Xom's mischief]
   988 | D:2      | Gained mutation: Scrolls take you a little longer to read.
                  | [Xom's mischief]
  1027 | D:2      | Noticed a porcupine
  1027 | D:2      | a worm changed into a porcupine
  1030 | D:2      | Killed a porcupine
  1030 | D:2      | Reached skill level 1 in Stealth
  1030 | D:2      | Reached XP level 4. HP: 15/37 MP: 4/4
  1030 | D:2      | Gained mutation: You have a moderately thin skeletal
                  | structure. (Dex +4, Stealth+) [demonic ancestry]
  1030 | D:2      | Reached XP level 5. HP: 17/42 MP: 5/5
  1232 | D:3      | XOM: mild Hex miscast
  1267 | D:3      | Found a glowing golden altar of the Shining One.
  1289 | D:3      | Found a glowing silver altar of Zin.
  1355 | D:3      | XOM: summons friendly shadow imp
  1359 | D:3      | Reached skill level 4 in Long Blades
  1413 | D:3      | Found a snail-covered altar of Cheibriados.
  1429 | D:3      | Found a blossoming altar of Fedhas.
  1455 | D:3      | XOM: give mutations
  1455 | D:3      | Gained mutation: You are dopey. (Int -2) [Xom's mischief]
  1455 | D:3      | Gained mutation: You occasionally shout uncontrollably at
                  | your foes. [Xom's mischief]
  1455 | D:3      | Gained mutation: Your body sometimes deteriorates upon
                  | taking damage. [Xom's mischief]
  1455 | D:3      | Lost mutation: You are dopey. (Int -2) [Xom's mischief]
  1497 | D:3      | Noticed Sigmund
  1497 | D:3      | XOM: potion effect (curing)
  1517 | D:3      | Killed Sigmund
  1517 | D:3      | Gained mutation: Your flesh is heat resistant. (rF+)
                  | [demonic ancestry]
  1517 | D:3      | Reached XP level 6. HP: 28/48 MP: 6/6
  1578 | D:3      | Reached skill level 1 in Shields
  1825 | D:4      | Found a white marble altar of Elyvilon.
  1906 | D:4      | Gained mutation: You are immune to clouds of flame.
                  | [demonic ancestry]
  1906 | D:4      | Reached XP level 7. HP: 26/55 MP: 7/7
  1906 | D:4      | Noticed Menkaure
  1907 | D:4      | Lost mutation: Scrolls take you a little longer to read.
                  | [potion of mutation]
  1907 | D:4      | Lost mutation: You occasionally shout uncontrollably at
                  | your foes. [potion of mutation]
  1907 | D:4      | Lost mutation: Armour fits poorly on your strangely shaped
                  | body. [potion of mutation]
  1907 | D:4      | Gained mutation: You are frail. (-10% HP) [potion of
                  | mutation]
  1907 | D:4      | Gained mutation: Your magical capacity is low. (-10% MP)
                  | [potion of mutation]
  1907 | D:4      | Gained mutation: You possess an exceptional clarity of
                  | mind. [potion of mutation]
  1913 | D:4      | XOM: enchant monster (good)
  1914 | D:4      | Killed Menkaure
  1914 | D:4      | Reached skill level 5 in Long Blades
  1943 | D:4      | Found a sand-covered staircase.
  1972 | Ossuary  | Entered an ossuary
  1985 | Ossuary  | XOM: draining
  1989 | Ossuary  | XOM: cast spell 'Discord'
  1992 | Ossuary  | Slain by a scorpion

Skill      XL: |  1  2  3  4  5  6  7 |
---------------+----------------------+-----
Dodging        | 1 2 |  2.3
Armour         | 2 3 |  3.0
Long Blades    | 3 4 5 |  5.1
Fighting       | 4 |  4.6
Stealth        | 1 2 |  2.2
Shields        | 1 |  1.7

Action                   |  1- 3 |  4- 6 |  7- 9 || total
-------------------------+-------+-------+-------++-------
Melee: Falchion          |    73 |    95 |    18 ||   186
  Use: Potion            |     1 |     2 |     3 ||     6
 Stab: Sleeping          |     2 |     2 |     1 ||     5
       Paralysed         |       |       |     1 ||     1
  Eat: Chunk             |       |     2 |       ||     2
       Ration            |       |     1 |       ||     1
Armor: Leather armour    |    32 |    21 |     5 ||    58
Dodge: Dodged            |    51 |    45 |    17 ||   113
Block: Shield            |     4 |    55 |    10 ||    69
       Rpst.: Falchion   |    15 |    15 |     3 ||    33
